 Dungeon Sprint DCSS version 0.29-a0-813-g4a14ea37d6 (webtiles) character file.

Game seed: 16271217224255130187

630 mhtbhm the Grappler (level 7, -4/78 HPs)
             Began as a Troll Monk on July 4, 2022.
             Was an Initiate of Gozag.
             Slain by a centaur warrior (11 damage)
             ... in the Dungeon (Sprint I: "Red Sonja").
             The game lasted 00:01:30 (293 turns).

mhtbhm the Grappler (Troll Monk)                     Turns: 293, Time: 00:01:31

Health: -4/78      AC:  4    Str: 22    XL:     7   Next: 24%
Magic:  6/6        EV: 12    Int:  6    God:    Gozag
Gold:   473        SH:  0    Dex: 12    Spells: 6/6 levels left

rFire   . . .      SeeInvis .     - Unarmed
rCold   . . .      Faith    .   (no shield)
rNeg    . . .      Spirit   .   a - +0 robe
rPois   .          Reflect  .   (helmet restricted)
rElec   .          Harm     .   (no cloak)
rCorr   .          Rampage  .   (gloves unavailable)
Will    .....      NoTele   +   (boots unavailable)
Stlth   ++........              (no amulet)
HPRegen 1.03/turn               (no ring)
MPRegen 0.10/turn               (no ring)

@: no status effects
A: large, unfitting armour, claws 3, regeneration 1, shaggy fur 1, tough skin 1
a: Renounce Religion, Potion Petition, Call Merchant, Bribe Branch


You were in the Dungeon.
You worshipped Gozag.
Gozag was aware of your devotion.
You visited 1 branch You collected 473 gold pieces.

Inventory:

Armour
 a - a +0 robe (worn)
Wands
 g - a wand of flame (9)
Potions
 b - a potion of ambrosia
 c - a potion of curing
 d - a potion of heal wounds
 f - 2 potions of magic


   Skills:
 + Level 7.3 Fighting
 + Level 7.5 Dodging
 + Level 2.4 Stealth
 + Level 10.0 Unarmed Combat
 + Level 1.6 Evocations


You had 6 spell levels left.
You didn't know any spells.
Your spell library contained the following spells:

 Spells                   Type           Power      Damage    Failure   Level
 Foxfire                  Conj/Fire      0%         2x1d4     45%         1
 Conjure Flame            Conj/Fire      0%         6-21      83%         3
 Inner Flame              Hex/Fire       0%         N/A       83%         3
 Flame Wave               Conj/Fire      0%         2d4       99%         4


Dungeon Overview and Level Annotations

Branches:
Dungeon (1/1)

Altars:
Cheibriados
Dithmenos
Elyvilon
Fedhas
Gozag
Hepliaklqana
Kikubaaqudgha
Makhleb
Nemelex Xobeh
Okawaru
Qazlal
Ru
Sif Muna
Trog
Uskayaw
Vehumet
Wu Jian
Xom
Yredelemnul
Zin
The Shining One
Jiyva
Lugonu

Shops:
D ?


Innate Abilities, Weirdness & Mutations

You are too large for most types of armour.
You have claws for hands.
Your natural rate of healing is unusually fast.
You are covered in fur. (AC +1)
You have tough skin. (AC +1)


Message History

Okay, then.
There is an open door here.
There is an open door here.
There is an open door here.
Okay, then.
There is a shimmering blue altar of Sif Muna here.
You open the door. 2 centaur warriors come into view.
The centaur warrior moves out of view. x2
Found 9 gold pieces.
Unknown command.
Blink to where?
Press: ? - help, Dir - move target
Found 8 gold pieces.
As you read the scroll of blinking, it crumbles to dust.
The centaur warrior shouts! x2
The centaur warrior hits you! The centaur warrior barely misses you.
The centaur warrior hits you but does no damage.
The centaur warrior kicks you but does no damage.
You claw the centaur warrior!
The centaur warrior is moderately wounded.
The centaur warrior hits you.
The centaur warrior completely misses you.
The centaur warrior hits you! The centaur warrior kicks you.
The centaur warrior hits you but does no damage.
The centaur warrior kicks you.
You claw the centaur warrior!
The centaur warrior is heavily wounded.
The centaur warrior hits you.
The centaur warrior kicks you but does no damage.
The centaur warrior hits you! The centaur warrior misses you.
You closely miss the centaur warrior.
The centaur warrior is heavily wounded.
The centaur warrior hits you!
* * * LOW HITPOINT WARNING * * *
The centaur warrior closely misses you. The centaur warrior hits you!
* * * LOW HITPOINT WARNING * * *
The centaur warrior barely misses you. The centaur warrior hits you!
You die...
Your body crumbles into a pile of gold.

##################
..'..#.)'..#__#..+
$$
).#..'..#..'..'..# $
####'#####'#__#### $
###..#...#.####§§# $
$
__####..##.#≈§§§c#$$
$ _____##'#_§'≈§§§@+
$
_.∩...'..._#≈§≈§c#$$
$$$
_..__##_.#'##+####
_____###+#[# $ $
###### ### $ $ $ $
$$ $$ $$ $ $ $ $$ $
$


$$$$$$$ $ $ $ $$$$$$$ You could see 2 centaur warriors.

Vanquished Creatures
  A slime creature (D)
  Sigmund (D)
  A yak (D)
  An ogre (D)
  A jelly (D)
  Ijyb (D)
6 creatures vanquished.

Notes
Turn   | Place    | Note
-------+----------+-------------------------------------------
     0 | D        | mhtbhm the Troll Monk began the quest for the Orb.
     0 | D        | Reached XP level 1. HP: 22/22 MP: 0/0
     2 | D        | Noticed Ijyb
    12 | D        | Killed Ijyb
    13 | D        | Reached skill level 4 in Unarmed Combat
    13 | D        | Reached XP level 2. HP: 18/31 MP: 1/1
    54 | D        | Noticed an ogre
    68 | D        | Killed an ogre
    69 | D        | Reached skill level 6 in Unarmed Combat
    69 | D        | Reached XP level 3. HP: 15/40 MP: 2/2
    69 | D        | Reached XP level 4. HP: 19/49 MP: 3/3
   134 | D        | Noticed Sigmund
   142 | D        | Killed Sigmund
   143 | D        | Reached skill level 8 in Unarmed Combat
   143 | D        | Reached skill level 1 in Evocations
   143 | D        | Reached XP level 5. HP: 44/59 MP: 4/4
   159 | D        | Found an ornate altar of the Wu Jian Council.
   159 | D        | Found a shimmering blue altar of Sif Muna.
   161 | D        | Found a radiant altar of Vehumet.
   168 | D        | Reached XP level 6. HP: 58/67 MP: 5/5
   170 | D        | Found Kategu's Magic Scroll Emporium.
   170 | D        | Found an ancient bone altar of Kikubaaqudgha.
   170 | D        | Found a hazy altar of Hepliaklqana.
   170 | D        | Found a stormy altar of Qazlal.
   170 | D        | Found a hide-covered altar of Uskayaw.
   170 | D        | Found a blossoming altar of Fedhas.
   170 | D        | Found a bloodstained altar of Trog.
   170 | D        | Found an iron altar of Okawaru.
   170 | D        | Found a basalt altar of Yredelemnul.
   170 | D        | Found a glowing golden altar of the Shining One.
   170 | D        | Found a snail-covered altar of Cheibriados.
   170 | D        | Found a sacrificial altar of Ru.
   170 | D        | Found a glowing silver altar of Zin.
   170 | D        | Found a shadowy altar of Dithmenos.
   170 | D        | Found a white marble altar of Elyvilon.
   170 | D        | Noticed a yak
   175 | D        | Killed a yak
   176 | D        | Reached skill level 9 in Unarmed Combat
   176 | D        | Found an opulent altar of Gozag.
   177 | D        | Found a sparkling altar of Nemelex Xobeh.
   182 | D        | Became a worshipper of Gozag Ym Sagoz the Greedy
   247 | D        | Found a burning altar of Makhleb.
   247 | D        | Found a viscous altar of Jiyva.
   247 | D        | Found a shimmering altar of Xom.
   247 | D        | Found a corrupted altar of Lugonu.
   247 | D        | Noticed a slime creature
   255 | D        | Killed a slime creature
   256 | D        | Reached skill level 10 in Unarmed Combat
   256 | D        | Reached XP level 7. HP: 73/78 MP: 6/6
   289 | D        | Noticed a centaur warrior
   289 | D        | Noticed a centaur warrior
   293 | D        | Slain by a centaur warrior

Illustrated notes

Levels and vault maps discovered:
D:        dungeon_sprint_1 [red_sonja_temple_1, red_sonja_temple_small_1]

Skill      XL: |  1  2  3  4  5  6 |
---------------+-------------------+-----
Fighting       | 3 4 6 7 |  7.3
Dodging        | 3 4 6 7 |  7.5
Unarmed Combat | 4 6 8 10 | 10.0
Evocations     | 1 |  1.6
Stealth        | 2 |  2.4

Action                   |  1- 3 |  4- 6 |  7- 9 || total
-------------------------+-------+-------+-------++-------
Melee: Unarmed           |    10 |    22 |     3 ||    35
       Punch             |       |     1 |       ||     1
Evoke: Wand              |     4 |       |       ||     4
  Use: Potion            |     2 |       |       ||     2
       Scroll            |       |       |     1 ||     1
 Stab: Sleeping          |       |     1 |       ||     1
Armor: Robe              |       |       |     4 ||     4
Dodge: Dodged            |       |     9 |     5 ||    14

Table legend: (Time is in decaauts)
 A = Elapsed time spent in this place.
 B = Non-inter-level travel time spent in this place.
 C = Inter-level travel time spent in this place.
 D = Time resting spent in this place.
 E = Time spent auto-exploring this place.
 F = Levels seen in this place.
 G = Mean time per level.
                   A        B        C        D        E       F      G
               +--------+--------+--------+--------+--------+-----+--------+
         Total |    277 |    277 |      0 |     77 |      0 |   1 |  277.0 |
       Dungeon |    277 |    277 |      0 |     77 |      0 |   1 |  277.0 |
               +--------+--------+--------+--------+--------+-----+--------+

Top non-repeatable levels by time:
       D: 277 daAuts
